AoeStats
← jakewest130

Arena

508212525Analyzed
4v4 RM · 9d ago on Sep 21, 2026· 33m 49s· 8 players
Game mode
Random Map
Map size
Large (8 player)
Population
200
Speed
Normal
Resources
Standard
Victory
Conquest
Starting age
Dark Age
Ending age
Imperial Age
RankedLock teamsTeams togetherTeam positionsShared explorationLock speedFull tech treeHidden civsTurbo modeCheats
Victory
Defeat
🇮🇳 Byzantines · India
623
+17
🇻🇳 Huns · Vietnam
591
+19
🇨🇳 Chinese · China
527
+21
🇨🇳 Wei · China
458
+24
🇺🇸 Mongols · United States
701
-22
🇺🇸 Bohemians · United States
699
-22
🇨🇳 Britons · China
689
-22
🇮🇱 Khmer · Israel
504
-15
gokulsurya003
0:49 Loom
11:17 Feudal Age
12:48 Wheelbarrow
15:18 Double-Bit Axe
18:36 Horse Collar
21:15 Castle Age
21:03 Stone Mining
21:04 Gold Mining
30:34 Scale Barding Armor
30:33 Scale Mail Armor
30:46 Forging
30:52 Husbandry
32:08 Greek Fire
phucvaki
0:40 Loom
11:37 Feudal Age
16:07 Castle Age
14:28 Double-Bit Axe
15:20 Horse Collar
15:48 Gold Mining
17:02 Wheelbarrow
20:12 Stone Mining
24:40 Bow Saw
27:49 Husbandry
28:55 Marauders
31:22 Gold Shaft Mining
31:00 Scale Barding Armor
31:06 Forging
32:29 Caravan
梦仔
12:32 Feudal Age
13:36 Loom
14:26 Wheelbarrow
13:45 Double-Bit Axe
14:31 Gold Mining
15:00 Horse Collar
15:47 Stone Mining
19:27 Fletching
19:38 Padded Archer Armor
22:11 Forging
25:45 Castle Age
26:47 Husbandry
26:27 Elite Skirmisher
29:05 Thumb Ring
28:22 Crossbowman
30:59 Ballistics
34:24 Hand Cart
Elite Savage
11:30 Feudal Age
12:21 Double-Bit Axe
12:18 Horse Collar
15:18 Castle Age
14:43 Wheelbarrow
16:17 Heavy Plow
16:28 Bow Saw
23:01 Loom
23:42 Gold Mining
24:15 Hand Cart
24:17 Stone Mining
25:26 Gold Shaft Mining
28:22 Imperial Age
27:02 Stone Shaft Mining
26:39 Forging
26:28 Treadmill Crane
27:06 Scale Barding Armor
27:33 Bloodlines
27:23 Husbandry
28:32 Chain Barding Armor
28:48 Iron Casting
29:24 Conscription
28:33 Elite Tiger Cavalry
30:02 Crop Rotation
30:40 Ming Guang Armor
31:40 Blast Furnace
32:00 Fletching
32:32 Ballistics
Tiras
0:49 Loom
11:24 Feudal Age
19:16 Wheelbarrow
20:25 Town Watch
21:50 Double-Bit Axe
24:37 Castle Age
22:31 Horse Collar
26:22 Gold Mining
26:38 Stone Mining
27:33 Bow Saw
29:56 Hand Cart
29:42 Town Patrol
30:42 Stone Shaft Mining
32:21 Gold Shaft Mining
31:51 Heavy Plow
jakewest130
11:01 Feudal Age
11:09 Loom
11:43 Double-Bit Axe
19:06 Castle Age
17:45 Horse Collar
21:49 Bow Saw
25:12 Heavy Plow
26:14 Wheelbarrow
26:34 Scale Mail Armor
26:08 Pikeman
28:15 Hand Cart
30:31 Chemistry
29:54 Ballistics
30:22 Forging
30:28 Chain Mail Armor
33:09 Iron Casting
32:47 Squires
Chilies
12:30 Feudal Age
18:20 Castle Age
17:58 Horse Collar
18:05 Double-Bit Axe
18:23 Gold Mining
18:50 Loom
21:17 Heavy Plow
21:34 Bow Saw
25:04 Wheelbarrow
26:08 Fletching
27:08 Bodkin Arrow
28:20 Thumb Ring
29:22 Ballistics
30:33 Fortified Wall
30:37 Masonry
33:09 Padded Archer Armor
令饼作呕
10:37 Feudal Age
11:46 Double-Bit Axe
14:51 Castle Age
12:41 Horse Collar
13:36 Gold Mining
13:55 Loom
15:50 Bow Saw
18:17 Fervor
20:24 Stone Mining
22:00 Fletching
22:35 Elite Skirmisher
24:47 Wheelbarrow
26:00 Treadmill Crane
26:17 Bodkin Arrow
27:16 Padded Archer Armor
27:14 Murder Holes
32:50 Imperial Age
30:25 Heavy Plow
31:18 Gold Shaft Mining
31:35 Forging
31:25 Scale Mail Armor
31:37 Pikeman
32:44 Squires
33:23 Yeomen
34:03 Hand Cart
Connection lost

Rejoining the realm…

Still unreachable

The connection could not be restored.

Session expired

The server has moved on; the page needs a fresh start.